 Dungeon Crawl Stone Soup version 0.28.0-53-g5a82cb258f (webtiles) character file.

Game seed: 17546597170286465674

101 issech the Skirmisher (level 4, -1/41 HPs)
             Began as a Minotaur Monk on June 21, 2022.
             Slain by Grinder (8 damage)
             ... while paralysed by Grinder
             ... on level 3 of the Dungeon.
             The game lasted 00:04:12 (2000 turns).

issech the Skirmisher (Minotaur Monk)               Turns: 2000, Time: 00:04:12

Health: -1/41      AC:  6    Str: 15    XL:     4   Next: 48%
Magic:  3/3        EV:  2    Int:  7    God:
Gold:   77         SH:  0    Dex: 15    Spells: 3/3 levels left

rFire   . . .      SeeInvis .   e - +2 dagger (elec)
rCold   . . .      Faith    .   (no shield)
rNeg    . . .      Spirit   .   g - +0 scale mail
rPois   .          Reflect  .   (helmet restricted)
rElec   .          Harm     .   (no cloak)
rCorr   .          Rampage  .   (no gloves)
Will    .....                   (no boots)
Stlth   +.........              (no amulet)
HPRegen 0.13/turn               (no ring)
MPRegen 0.08/turn               (no ring)

@: paralysed
A: horns 2, retaliatory headbutt
a: no special abilities


You were on level 3 of the Dungeon.
You visited 1 branch of the dungeon, and saw 3 of its levels.

You collected 77 gold pieces.

Inventory:

Hand Weapons
 a - a +0 hand axe
 e - a +2 dagger of electrocution (weapon)
Missiles
 d - 104 stones (quivered)
 i - 5 boomerangs
 l - 25 bolts
 q - 20 arrows
Armour
 b - a +0 robe
 f - a +0 leather armour
 g - a +0 scale mail (worn)
Magical Staves
 p - a staff of air
Scrolls
 c - a scroll of identify {unknown}
 h - a scroll of immolation {unknown}
 j - a scroll of fear {unknown}
 k - a scroll of enchant weapon {unknown}
 m - 2 scrolls of silence {unknown}
Potions
 n - a potion of flight {unknown}
 o - a potion of invisibility {unknown}


   Skills:
 + Level 4.8 Fighting
 + Level 1.2 Short Blades
 + Level 4.2 Axes
 + Level 1.1 Armour
 + Level 3.9 Dodging
 + Level 1.8 Stealth


You had 3 spell levels left.
You didn't know any spells.
Your spell library contained the following spells:

 Spells                   Type           Power      Damage    Failure   Level
 Sandblast                Erth           0%         2d4       88%         1
 Passwall                 Tmut/Erth      0%         N/A       96%         2
 Stone Arrow              Conj/Erth      0%         3d7       99%         3


Dungeon Overview and Level Annotations

Branches:
Dungeon (3/15)

Altars:

Annotations:
D:3 Grinder


Innate Abilities, Weirdness & Mutations

You have a pair of horns on your head.
You reflexively headbutt those who attack you in melee.


Message History

Grinder shouts!
There is an open door here.
Grinder completely misses you.
You hit Grinder. Your headbutt misses Grinder.
Grinder is lightly wounded.
Grinder barely misses you. You furiously retaliate!
You headbutt Grinder. You closely miss Grinder.
Grinder is lightly wounded.
Grinder hits you.
You writhe in agony.
You hit Grinder.
Grinder is moderately wounded.
Grinder hits you!
You hit Grinder but do no damage.
Grinder is moderately wounded.
Grinder gestures at you. Pain shoots through your body!
You completely miss Grinder.
Grinder is moderately wounded.
Grinder hits you but does no damage.
You hit Grinder.
Grinder is moderately wounded.
Grinder hits you.
You writhe in agony.
* * * LOW HITPOINT WARNING * * *
You closely miss Grinder.
Grinder is moderately wounded.
Grinder hits you but does no damage.
You hit Grinder.
Grinder is moderately wounded.
Grinder hits you.
* * * LOW HITPOINT WARNING * * *
You completely miss Grinder.
Grinder is moderately wounded.
Grinder hits you but does no damage.
Unknown command.
You hit Grinder but do no damage.
Grinder is moderately wounded.
Grinder gestures at you.
You suddenly lose the ability to move!
Grinder hits you!
You die...

## #.
#####.########
+............
#..........#
#..........#
#.....5@...#
#####+#'##.#
#.##.# #.##.#
#.##.#####
#.#......
#.##...
#.##.####
#.......#


You could see Grinder.

Vanquished Creatures
  Jessica (D:2)
  3 adders (D:2)
  An endoplasm (D:2)
  A giant cockroach (D:1)
  7 hobgoblins
  4 jackals (D:2)
  3 kobolds
  3 quokkas
  6 ball pythons
  6 bats
  6 frilled lizards
  4 goblins
  2 rats (D:2)
47 creatures vanquished.

Notes
Turn   | Place    | Note
-------+----------+-------------------------------------------
     0 | D:1      | issech the Minotaur Monk began the quest for the Orb.
     0 | D:1      | Reached XP level 1. HP: 19/19 MP: 0/0
   228 | D:1      | Reached XP level 2. HP: 13/27 MP: 1/1
   549 | D:1      | Found Asuze's General Store.
   960 | D:1      | Found a faded altar of an unknown god.
  1280 | D:2      | Reached XP level 3. HP: 31/34 MP: 2/2
  1532 | D:2      | Noticed Jessica
  1538 | D:2      | Killed Jessica
  1539 | D:2      | Reached skill level 1 in Short Blades
  1539 | D:2      | Reached XP level 4. HP: 41/41 MP: 3/3
  1551 | D:2      | Reached skill level 1 in Armour
  1987 | D:3      | Noticed Grinder
  1999 | D:3      | Paralysed by Grinder for 3 turns
  2000 | D:3      | Slain by Grinder

Illustrated notes

Levels and vault maps discovered:
D:1:      nagdon_arrival_double_spiral, layout_basic,
          hellmonk_ecumenical_altar_prayer_group, serial_rivers,
          chequers_serial_rivers_small_b, chequers_serial_rivers_large_a,
          chequers_serial_rivers_micro_a, chequers_serial_rivers_micro_e,
          chequers_serial_rivers_room_b, chequers_serial_rivers_room_b,
          serial_shops, shop
D:2:      layout_basic, minmay_misc_feat_secret_circle, uniq_jessica
D:3:      layout_basic, grunt_temple_overflow_gold_and_silver,
          nicolae_overflow_squiral, serial_shops, shop, guppyfry_early_orc_mine,
          uniq_robin, uniq_grinder

Skill      XL: |  1  2  3  4 |
---------------+-------------+-----
Fighting       | 4 |  4.8
Axes           | 4 |  4.2
Short Blades   | 1 |  1.2
Armour         | 1 |  1.1
Dodging        | |  3.9
Stealth        | |  1.8

Action                   |  1- 3 |  4- 6 || total
-------------------------+-------+-------++-------
Melee: Hand axe          |    14 |       ||    14
       Headbutt          |     7 |     2 ||     9
       Punch             |     2 |       ||     2
       Dagger            |    52 |    31 ||    83
 Stab: Sleeping          |     1 |       ||     1
Armor: Robe              |     1 |       ||     1
       Scale mail        |    16 |    14 ||    30
Dodge: Dodged            |    48 |     9 ||    57
